General information
- name: BNet
- type: Ladder team game (AT/RT)
- host: Battle.net
- saver: Shaq-Fu
map: Deadlock
- players: 8
- length: 54:26
- speed: Fast
- version: 1.28 W3XP
- replay type: Public
» download(468 KB)
Players
team 1 (winner)
MisanthropiC (
green | 61 APM | 2630 actions | 43:08)
4 Far Seer
2 Feral Spirit
2 Chain Lighting
3 Naga Sea Witch
2 Frost Arrows
1 Mana Shield
3 Shadow Hunter
1 Hex
2 Healing Wave
» actions
| Assign group hotkey | 15 | |
| Basic commands | 28 | |
| Build / train | 78 | |
| ESC pressed | 19 | |
| Enter build submenu | 24 | |
| Enter hero's abilities submenu | 10 | |
| Give item / drop item | 3 | |
| Right click | 1551 | |
| Select / deselect | 450 | |
| Select group hotkey | 253 | |
| Use ability | 199 | |
2630 total
» units
| Peon | 19 | |
| Grunt | 2 | |
| Troll Batrider | 3 | |
| Wind Rider | 5 | |
| Raider | 3 | |
32 total
» upgrades
| Spiked Barricades | 1 | |
| Ensnare | 1 | |
| Reinforced Defenses | 1 | |
3 total
» buildings
| Altar of Storms | 1 | |
| Orc Burrow | 6 | |
| Barracks | 1 | |
| Voodoo Lounge | 1 | |
| Stronghold | 1 | |
| War Mill | 1 | |
| Great Hall | 1 | |
| Beastiary | 2 | |
| Fortress | 1 | |
| Watch Tower | 7 | |
22 total
» build order
00:11 Altar of Storms
00:14 Orc Burrow
00:52 Barracks
01:37 Orc Burrow
01:47 Voodoo Lounge
03:01 Stronghold
03:19 War Mill
04:24 Orc Burrow
05:23 Great Hall
05:43 Beastiary
06:20 Fortress
06:31 Watch Tower
07:34 Beastiary
09:08 Watch Tower
09:21 Watch Tower
09:25 Watch Tower
11:14 Watch Tower
12:28 Watch Tower
12:29 Watch Tower
17:30 Orc Burrow
24:13 Orc Burrow
24:17 Orc Burrow
» items
| Healing Salve | 2 | |
| Lesser Clarity Potion | 3 | |
| Scroll of Town Portal | 5 | |
| Tiny Great Hall | 4 | |
| Potion of Healing | 3 | |
| Potion of Lesser Invulnerability | 1 | |
18 total

»
Leandro0001 (
yellow | 47 APM | 2536 actions | 54:26)
5 Death Knight
3 Death Coil
2 Unholy Aura
4 Dreadlord
2 Sleep
2 Vampiric Aura
» actions
| Assign group hotkey | 22 | |
| Build / train | 63 | |
| Enter build submenu | 19 | |
| Enter hero's abilities submenu | 10 | |
| Give item / drop item | 3 | |
| Remove unit from queue | 3 | |
| Right click | 1251 | |
| Select / deselect | 383 | |
| Select group hotkey | 712 | |
| Use ability | 69 | |
2536 total
» units
| Acolyte | 9 | |
| Ghoul | 4 | |
| Crypt Fiend | 2 | |
| Frost Wyrm | 10 | |
25 total
» upgrades
| Creature Attack | 3 | |
| Creature Carapace | 3 | |
| Freezing Breath | 1 | |
| Web | 1 | |
8 total
» buildings
| Graveyard | 1 | |
| Ziggurat | 8 | |
| Crypt | 1 | |
| Altar of Darkness | 1 | |
| Halls of the Dead | 1 | |
| Black Citadel | 1 | |
| Sacrificial Pit | 1 | |
| Tomb of Relics | 1 | |
| Boneyard | 1 | |
| Nerubian Tower | 2 | |
| Spirit Tower | 2 | |
20 total
» build order
00:44 Graveyard
00:47 Ziggurat
00:54 Crypt
00:58 Altar of Darkness
01:27 Ziggurat
02:57 Halls of the Dead
03:24 Ziggurat
05:23 Black Citadel
06:04 Sacrificial Pit
06:06 Ziggurat
07:33 Tomb of Relics
07:45 Boneyard
11:22 Ziggurat
12:13 Ziggurat
15:55 Ziggurat
16:47 Nerubian Tower
21:44 Spirit Tower
25:12 Ziggurat
25:13 Spirit Tower
25:15 Nerubian Tower
» items
| Potion of Lesser Invulnerability | 1 | |
| Orb of Corruption | 2 | |
| Potion of Healing | 3 | |
| Scroll of Town Portal | 2 | |
| Healing Salve | 1 | |
9 total
LEBRON2-LAKERS (
teal | 66 APM | 3574 actions | 54:24)
9 Blademaster
3 Wind Walk
3 Critical Strike
1 Bladestorm
2 Mirror Image
» actions
| Assign group hotkey | 57 | |
| Basic commands | 131 | |
| Build / train | 83 | |
| Enter build submenu | 32 | |
| Enter hero's abilities submenu | 9 | |
| Give item / drop item | 5 | |
| Remove unit from queue | 1 | |
| Right click | 1389 | |
| Select / deselect | 399 | |
| Select group hotkey | 1054 | |
| Use ability | 414 | |
3574 total
» units
| Peon | 21 | |
| Grunt | 3 | |
| Wind Rider | 10 | |
| Troll Batrider | 7 | |
41 total
» upgrades
| Ranged Weapons | 3 | |
| Reinforced Defenses | 1 | |
| Armor | 2 | |
| Liquid Fire | 2 | |
| Ensnare | 1 | |
| Pillage | 1 | |
10 total
» buildings
| Altar of Storms | 1 | |
| Orc Burrow | 6 | |
| Barracks | 1 | |
| Voodoo Lounge | 1 | |
| Stronghold | 1 | |
| War Mill | 1 | |
| Great Hall | 6 | |
| Beastiary | 3 | |
| Fortress | 1 | |
| Watch Tower | 26 | |
47 total
» build order
00:08 Altar of Storms
00:26 Orc Burrow
00:35 Barracks
01:27 Orc Burrow
01:56 Voodoo Lounge
03:29 Stronghold
03:43 War Mill
04:40 Great Hall
05:50 Great Hall
06:13 Orc Burrow
06:35 Beastiary
06:54 Fortress
07:48 Beastiary
09:28 Watch Tower
09:28 Watch Tower
09:29 Watch Tower
09:29 Watch Tower
09:40 Watch Tower
10:49 Watch Tower
10:50 Watch Tower
10:50 Watch Tower
10:50 Watch Tower
10:51 Watch Tower
11:12 Beastiary
11:19 Watch Tower
11:24 Watch Tower
12:06 Watch Tower
12:10 Watch Tower
12:50 Orc Burrow
12:51 Orc Burrow
12:51 Orc Burrow
16:50 Watch Tower
16:50 Watch Tower
20:35 Great Hall
20:37 Watch Tower
20:37 Watch Tower
20:38 Watch Tower
20:41 Watch Tower
21:41 Watch Tower
24:26 Watch Tower
37:38 Great Hall
37:40 Watch Tower
37:41 Watch Tower
37:41 Watch Tower
37:47 Great Hall
38:59 Watch Tower
46:03 Great Hall
» items
| Healing Salve | 4 | |
| Boots of Speed | 1 | |
| Staff of Teleportation | 1 | |
| Potion of Lesser Invulnerability | 3 | |
| Potion of Healing | 2 | |
| Lesser Clarity Potion | 1 | |
| Orb of Lightning | 1 | |
| Scroll of Town Portal | 5 | |
18 total
AFK.FOR.FUN (
red | 82 APM | 2248 actions | 27:21)
4 Archmage
2 Blizzard
2 Brilliance Aura
3 Mountain King
2 Storm Bolt
1 Bash
» actions
| Assign group hotkey | 30 | |
| Basic commands | 193 | |
| Build / train | 81 | |
| ESC pressed | 4 | |
| Enter build submenu | 26 | |
| Enter hero's abilities submenu | 7 | |
| Give item / drop item | 3 | |
| Remove unit from queue | 2 | |
| Right click | 1003 | |
| Select / deselect | 367 | |
| Select group hotkey | 370 | |
| Use ability | 162 | |
2248 total
» units
| Peasant | 17 | |
| Rifleman | 14 | |
| Razormane Medicine Man | 2 | |
| Harpy Rogue | 2 | |
| Sorceress | 7 | |
42 total
» upgrades
» buildings
| Altar of Kings | 1 | |
| Farm | 13 | |
| Scout Tower | 2 | |
| Arcane Tower | 2 | |
| Barracks | 1 | |
| Blacksmith | 1 | |
| Lumber Mill | 1 | |
| Keep | 2 | |
| Arcane Vault | 1 | |
| Arcane Sanctum | 2 | |
| Castle | 3 | |
| Guard Tower | 2 | |
31 total
» build order
00:04 Altar of Kings
00:28 Farm
01:11 Scout Tower
01:40 Arcane Tower
01:40 Arcane Tower
02:25 Farm
02:32 Barracks
02:59 Farm
03:12 Blacksmith
03:37 Scout Tower
03:58 Lumber Mill
04:13 Farm
04:14 Farm
05:20 Keep
05:20 Keep
05:49 Arcane Vault
08:07 Arcane Sanctum
08:09 Arcane Sanctum
08:33 Farm
08:38 Farm
08:43 Castle
08:43 Castle
08:43 Castle
09:22 Farm
09:25 Farm
09:30 Farm
09:39 Farm
09:45 Guard Tower
09:45 Guard Tower
19:41 Farm
21:14 Farm
» items
| Scroll of Regeneration | 4 | |
| Lesser Clarity Potion | 1 | |
| Potion of Lesser Invulnerability | 2 | |
| Scroll of Town Portal | 4 | |
| Scroll of Speed | 2 | |
| Dust of Appearance | 1 | |
14 total
team 2 (loser)
sephiroth3535 (
pink | 33 APM | 1776 actions | 53:04)
5 Warden
3 Shadow Strike
2 Blink
» actions
| Build / train | 105 | |
| Enter build submenu | 19 | |
| Enter hero's abilities submenu | 5 | |
| Remove unit from queue | 12 | |
| Right click | 870 | |
| Select / deselect | 714 | |
| Use ability | 51 | |
1776 total
» units
| Wisp | 15 | |
| Archer | 7 | |
| Centaur Outrunner | 1 | |
| Huntress | 4 | |
| Dryad | 21 | |
| Hippogryph | 26 | |
74 total
» upgrades
| Abolish Magic | 1 | |
| Strength of the Wild | 2 | |
| Strength of the Moon | 1 | |
4 total
» buildings
| Altar of Elders | 1 | |
| Moon Well | 7 | |
| Ancient of War | 1 | |
| Ancient of Wonders | 1 | |
| Hunter's Hall | 1 | |
| Tree of Ages | 2 | |
| Ancient of Lore | 2 | |
| Tree of Life | 2 | |
| Ancient of Wind | 2 | |
19 total
» build order
00:35 Altar of Elders
00:38 Moon Well
00:58 Ancient of War
01:41 Moon Well
02:31 Moon Well
03:08 Ancient of Wonders
03:32 Hunter's Hall
04:27 Tree of Ages
04:27 Tree of Ages
06:49 Ancient of Lore
06:53 Ancient of Lore
06:57 Moon Well
07:01 Moon Well
11:48 Tree of Life
16:10 Ancient of Wind
16:48 Ancient of Wind
17:47 Moon Well
17:50 Moon Well
22:30 Tree of Life
» items
| Potion of Healing | 2 | |
| Healing Salve | 1 | |
| Rod of Necromancy | 1 | |
| Scroll of Town Portal | 2 | |
6 total

»
Zero3 (
blue | 49 APM | 2644 actions | 54:26)
6 Death Knight
3 Death Coil
2 Unholy Aura
1 Animate Dead
4 Lich
2 Frost Nova
2 Frost Armor
» actions
| Assign group hotkey | 25 | |
| Basic commands | 129 | |
| Build / train | 64 | |
| ESC pressed | 1 | |
| Enter build submenu | 33 | |
| Enter hero's abilities submenu | 11 | |
| Remove unit from queue | 4 | |
| Right click | 1144 | |
| Select / deselect | 307 | |
| Select group hotkey | 833 | |
| Use ability | 93 | |
2644 total
» units
| Acolyte | 8 | |
| Ghoul | 3 | |
| Crypt Fiend | 5 | |
| Obsidian Statue | 3 | |
| Frost Wyrm | 8 | |
27 total
» upgrades
| Creature Attack | 3 | |
| Creature Carapace | 3 | |
| Web | 1 | |
| Freezing Breath | 1 | |
8 total
» buildings
| Ziggurat | 12 | |
| Graveyard | 1 | |
| Crypt | 1 | |
| Altar of Darkness | 2 | |
| Tomb of Relics | 1 | |
| Halls of the Dead | 1 | |
| Black Citadel | 1 | |
| Slaughterhouse | 1 | |
| Sacrificial Pit | 1 | |
| Boneyard | 2 | |
| Spirit Tower | 1 | |
| Necropolis | 1 | |
25 total
» build order
00:20 Ziggurat
00:24 Graveyard
00:31 Crypt
00:52 Altar of Darkness
01:16 Tomb of Relics
01:27 Ziggurat
03:17 Halls of the Dead
04:35 Ziggurat
05:59 Black Citadel
06:05 Slaughterhouse
06:11 Sacrificial Pit
07:07 Ziggurat
09:08 Boneyard
09:12 Boneyard
10:38 Ziggurat
10:40 Ziggurat
10:43 Ziggurat
28:55 Ziggurat
28:56 Ziggurat
32:19 Spirit Tower
32:21 Ziggurat
32:24 Ziggurat
33:10 Necropolis
33:23 Ziggurat
34:01 Altar of Darkness
» items
| Rod of Necromancy | 1 | |
| Scroll of Town Portal | 5 | |
| Orb of Corruption | 1 | |
| Potion of Lesser Invulnerability | 1 | |
| Orb of Lightning | 1 | |
9 total
Shaq-Fu (
orange | 71 APM | 3884 actions | 54:26)
10 Blademaster
3 Wind Walk
3 Critical Strike
1 Bladestorm
3 Mirror Image
» actions
| Assign group hotkey | 127 | |
| Basic commands | 83 | |
| Build / train | 132 | |
| Enter build submenu | 58 | |
| Enter hero's abilities submenu | 10 | |
| Give item / drop item | 20 | |
| Remove unit from queue | 4 | |
| Right click | 1698 | |
| Select / deselect | 581 | |
| Select group hotkey | 523 | |
| Use ability | 647 | |
3884 total
» units
| Peon | 19 | |
| Grunt | 4 | |
| Wind Rider | 3 | |
| Troll Batrider | 24 | |
| Troll Witch Doctor | 1 | |
51 total
» upgrades
| Reinforced Defenses | 1 | |
| Ranged Weapons | 3 | |
| Armor | 3 | |
| Liquid Fire | 1 | |
| Troll Regeneration | 1 | |
| Envenomed Spears | 1 | |
| Witch Doctor Training | 2 | |
| Spiked Barricades | 1 | |
13 total
» buildings
| Orc Burrow | 6 | |
| Altar of Storms | 1 | |
| Barracks | 4 | |
| Voodoo Lounge | 3 | |
| Stronghold | 1 | |
| War Mill | 3 | |
| Great Hall | 4 | |
| Beastiary | 4 | |
| Watch Tower | 56 | |
| Fortress | 1 | |
| Spirit Lodge | 1 | |
84 total
» build order
00:15 Orc Burrow
00:57 Altar of Storms
00:58 Barracks
01:06 Orc Burrow
01:33 Voodoo Lounge
02:53 Stronghold
03:52 War Mill
04:23 Orc Burrow
04:58 Great Hall
06:01 Beastiary
06:02 Beastiary
07:32 Great Hall
07:39 Watch Tower
07:39 Watch Tower
07:40 Watch Tower
07:40 Watch Tower
08:40 Orc Burrow
08:50 Watch Tower
11:05 Fortress
14:05 Orc Burrow
15:30 Beastiary
15:33 Beastiary
18:05 Spirit Lodge
19:05 War Mill
22:37 Barracks
22:37 Barracks
22:39 Barracks
22:48 Orc Burrow
25:31 Watch Tower
25:31 Watch Tower
25:32 Watch Tower
25:32 Watch Tower
26:36 Watch Tower
26:36 Watch Tower
26:37 Watch Tower
26:38 Watch Tower
26:38 Watch Tower
26:39 Watch Tower
26:42 Watch Tower
26:42 Watch Tower
26:43 Watch Tower
26:43 Watch Tower
28:32 Great Hall
30:07 Watch Tower
30:07 Watch Tower
30:07 Watch Tower
30:08 Watch Tower
30:09 Watch Tower
30:09 Watch Tower
30:09 Watch Tower
30:10 Watch Tower
30:43 Watch Tower
30:45 Watch Tower
30:45 Watch Tower
30:47 Watch Tower
30:47 Watch Tower
30:49 Watch Tower
30:51 Watch Tower
30:52 Watch Tower
30:53 Watch Tower
30:53 Watch Tower
30:54 Watch Tower
30:55 Watch Tower
30:57 Watch Tower
30:57 Watch Tower
30:58 Watch Tower
30:58 Watch Tower
31:00 Watch Tower
31:00 Watch Tower
31:01 Watch Tower
31:01 Watch Tower
31:27 Watch Tower
31:32 Voodoo Lounge
32:01 War Mill
36:13 Great Hall
36:37 Watch Tower
36:38 Watch Tower
36:38 Watch Tower
36:38 Watch Tower
36:39 Watch Tower
36:40 Watch Tower
36:40 Watch Tower
36:42 Watch Tower
36:44 Voodoo Lounge
» items
| Healing Salve | 7 | |
| Boots of Speed | 1 | |
| Lesser Clarity Potion | 10 | |
| Potion of Mana | 12 | |
| Potion of Healing | 8 | |
| Scroll of Town Portal | 6 | |
| Orb of Lightning | 1 | |
| Tiny Great Hall | 1 | |
| Periapt of Vitality | 1 | |
| Dust of Appearance | 1 | |
| Potion of Lesser Invulnerability | 1 | |
| Scroll of Protection | 1 | |
50 total
jhd102204 (
purple | 28 APM | 1514 actions | 54:26)
3 Mountain King
2 Storm Bolt
1 Bash
2 Archmage
1 Summon Water Elemental
1 Brilliance Aura
» actions
| Assign group hotkey | 25 | |
| Basic commands | 293 | |
| Build / train | 77 | |
| ESC pressed | 8 | |
| Enter build submenu | 17 | |
| Enter hero's abilities submenu | 5 | |
| Give item / drop item | 2 | |
| Remove unit from queue | 1 | |
| Right click | 371 | |
| Select / deselect | 354 | |
| Select group hotkey | 292 | |
| Use ability | 69 | |
1514 total
» units
| Peasant | 25 | |
| Footman | 3 | |
| Rifleman | 12 | |
| Priest | 3 | |
43 total
» upgrades
| Swords | 1 | |
| Masonry | 2 | |
| Gunpowder | 3 | |
| Lumber Harvesting | 1 | |
| Long Rifles | 1 | |
| Armor | 2 | |
| Magic Sentry | 1 | |
| Priest Training | 2 | |
13 total
» buildings
| Altar of Kings | 1 | |
| Farm | 6 | |
| Barracks | 2 | |
| Scout Tower | 3 | |
| Arcane Tower | 1 | |
| Blacksmith | 1 | |
| Lumber Mill | 1 | |
| Keep | 1 | |
| Guard Tower | 3 | |
| Arcane Vault | 1 | |
| Arcane Sanctum | 1 | |
| Castle | 1 | |
22 total
» build order
00:05 Altar of Kings
00:09 Farm
00:43 Barracks
01:11 Scout Tower
01:14 Farm
02:01 Arcane Tower
03:40 Blacksmith
05:03 Scout Tower
05:36 Lumber Mill
05:58 Keep
06:39 Guard Tower
06:40 Guard Tower
07:40 Arcane Vault
07:45 Farm
08:43 Farm
08:51 Scout Tower
09:18 Guard Tower
09:28 Farm
10:50 Barracks
11:54 Arcane Sanctum
13:29 Farm
15:45 Castle
» items
| Scroll of Town Portal | 3 | |
| Scroll of Regeneration | 1 | |
| Tiny Great Hall | 1 | |
5 total
Chat log
(00:17 / Allies) Zero3: ty
(00:20 / Allies) sephiroth3535: np
(00:42 / Allies) Zero3: look at reds name
(00:45 / Allies) Zero3: they might leave
(00:55 / Allies) jhd102204: nope
(01:01 / Allies) Zero3: ah
(01:08 / Allies) Zero3: maybe hell just tk
(01:14 / All) Shaq-Fu: red is a punk bitch lol
(01:18 / All) Shaq-Fu: pussy too afraid to fight the enemy
(01:23 / Allies) Zero3: there we go
(01:24 / Allies) Zero3: lol
(01:25 / All) Shaq-Fu: I'd crush you, newbie
(01:52 / Allies) Shaq-Fu: move ur shit
(07:16 / Allies) Shaq-Fu: gold please
(08:08 / All) Shaq-Fu: tit for tat, bastard
(09:43 / All) MisanthropiC: nice hacks bro
(10:27 / Allies) Zero3: b
(10:47 / Allies) Shaq-Fu: gold plz
(11:56 / All) LEBRON2-LAKERS: oj mh
(12:07 / All) Zero3: lawl
(14:57 / Allies) sephiroth3535: umb plz
(14:59 / Allies) sephiroth3535: lum
(15:09 / Allies) sephiroth3535: ty
(15:16 / All) Shaq-Fu: rape
(15:50 / Allies) Zero3: no frost
(16:25 / All) MisanthropiC: OJ HACKS LIKE A MKFO
(16:29 / All) Shaq-Fu: rape
(16:30 / All) LEBRON2-LAKERS: oj mh def
(16:34 / All) MisanthropiC: u hack dickhead
(17:01 / All) Shaq-Fu: RAPE
(17:13 / All) Shaq-Fu: RAPE
(17:34 / All) Shaq-Fu: lol
(17:40 / All) AFK.FOR.FUN: lol ye oj hakc
(17:43 / All) AFK.FOR.FUN: he knew i had dust
(17:46 / All) Shaq-Fu: durp
(17:53 / All) AFK.FOR.FUN: maphack = see my inv
(17:53 / All) Shaq-Fu: you used it
(18:02 / All) AFK.FOR.FUN: you tped before i did
(18:08 / All) Shaq-Fu: No I didn't
(18:13 / All) AFK.FOR.FUN: ok well now you're just lying
(18:18 / All) Shaq-Fu: lol watch replay son
(18:23 / All) AFK.FOR.FUN: why would i watch teh replay
(18:26 / All) Shaq-Fu: I kept eye out for it because I ran by shop
(18:27 / All) AFK.FOR.FUN: when we both know you are lying
(18:29 / All) Shaq-Fu: and you used it so I tped
(18:37 / All) AFK.FOR.FUN: youre lying
(18:43 / All) Zero3: green MH
(18:44 / All) Shaq-Fu: watch replay retard
(19:16 / All) MisanthropiC: unkukcy oj
(19:17 / Allies) jhd102204: nice tp
(19:41 / Allies) jhd102204: yall come after im dead
(20:06 / Allies) jhd102204: one by one
(20:07 / Allies) jhd102204: haha
(20:16 / All) Shaq-Fu: unlucky green
(20:22 / All) Shaq-Fu: rape!!!!!!
(20:23 / All) MisanthropiC: ?
(20:26 / All) MisanthropiC: lets see who wins!
(20:27 / All) MisanthropiC: :_)
(20:33 / All) Shaq-Fu: me
(20:51 / All) Zero3: yea ok
(21:04 / All) LEBRON2-LAKERS: POLL: does oj maphack
(21:12 / All) Shaq-Fu: teal mh!!!
(21:16 / All) Zero3: right as my expo goes up you show up teal
(21:18 / All) sephiroth3535: yes
(21:20 / All) Shaq-Fu: why'd you skip right past pink?
(21:22 / All) sephiroth3535: absolutely
(21:23 / All) LEBRON2-LAKERS: finish purple
(22:36 / All) AFK.FOR.FUN: cute hack
(22:50 / Allies) Zero3: you have bats for teal?
(23:01 / All) MisanthropiC: seems like oj losy
(23:02 / Allies) sephiroth3535: hipps
(23:02 / All) MisanthropiC: lost
(23:04 / All) MisanthropiC: quite badly
(23:05 / Allies) Zero3: nice
(23:06 / All) MisanthropiC: lol
(23:22 / All) Shaq-Fu: nice hack
(24:42 / Allies) sephiroth3535: well yeah
(24:51 / All) Shaq-Fu: WHEN THIS HITS 88 UR GONNA SEE SOME SHIT
(25:30 / All) LEBRON2-LAKERS: dumb noob blue
(25:58 / Allies) Shaq-Fu: someone tp
(26:03 / Allies) Zero3: no g
(26:04 / Allies) Zero3: omw
(26:11 / All) AFK.FOR.FUN: rofl that hack
(26:14 / All) AFK.FOR.FUN: FUCKING SAD
(26:17 / All) MisanthropiC: why dont u invisible ur hero?
(26:19 / All) Shaq-Fu: nice hack!
(26:22 / All) AFK.FOR.FUN: i did
(26:23 / All) AFK.FOR.FUN: he dusted me
(26:44 / All) Shaq-Fu: Rape
(26:47 / All) Shaq-Fu: raped hacker
(26:48 / All) AFK.FOR.FUN: hacker
(26:53 / All) LEBRON2-LAKERS: u guys so hack
(26:53 / All) AFK.FOR.FUN: youre the hacke
(26:55 / All) Shaq-Fu: you are
(26:58 / All) Shaq-Fu: you hitting me expo pussy
(27:01 / All) AFK.FOR.FUN: a hero you couldnt see
(27:05 / All) AFK.FOR.FUN: randomly
(27:06 / All) Shaq-Fu: no I didn't lol
(27:09 / All) Shaq-Fu: what are you talking about
(27:17 / All) AFK.FOR.FUN: fucking autism
(27:19 / All) AFK.FOR.FUN: lying like mad
(27:25 / All) Shaq-Fu: ???
(27:26 / All) Shaq-Fu: wtf lol
(27:32 / Allies) Zero3: b
(29:06 / Allies) Shaq-Fu: lumber
(29:23 / Allies) sephiroth3535: omfg
(29:34 / All) Shaq-Fu: nice hax kid
(30:17 / Allies) jhd102204: orn can i get 300 gold?
(30:42 / All) sephiroth3535: cheating in an ancient game
(30:43 / All) sephiroth3535: So pro
(31:08 / Allies) jhd102204: orn can i get 300 gold?
(31:22 / All) Shaq-Fu: nice hack
(31:51 / Allies) sephiroth3535: lol nice gold shaq
(31:56 / Allies) sephiroth3535: 50 arm
(31:57 / Allies) sephiroth3535: =p
(32:07 / All) Shaq-Fu: YOU WORK HARD FOR THE MONEY
(32:09 / All) Shaq-Fu: SO HARD FOR THE MONEY
(32:12 / All) Shaq-Fu: AND THE MONEY WORKS HARD FOR YOU
(32:14 / All) sephiroth3535: HARD FOR DA MOENY
(32:36 / Allies) Zero3: damn
(32:37 / All) Shaq-Fu: green how does it feel to be my bitch
(32:38 / Allies) Zero3: they dropepd me
(32:42 / All) Shaq-Fu: I should start leading you around on a leash
(34:03 / All) Shaq-Fu: gotheem
(34:10 / All) sephiroth3535: 10k epic
(34:17 / All) LEBRON2-LAKERS: i got 13k
(34:22 / Allies) Zero3: were gonna die
(34:29 / Allies) sephiroth3535: yeah
(34:52 / Allies) jhd102204: orn doing his own thing
(35:03 / Allies) sephiroth3535: basicallly
(35:38 / Allies) Zero3: yea oj you kind of screwed us
(36:03 / Allies) sephiroth3535: amke more units a least lol
(36:09 / Allies) jhd102204: orn can i get 400 gold?
(36:58 / Allies) sephiroth3535: kk why atk red lmao
(37:03 / All) Shaq-Fu: why not
(37:07 / Allies) jhd102204: b
(37:08 / Allies) sephiroth3535: derp
(38:24 / Allies) sephiroth3535: im losing brain cells
(38:28 / Allies) jhd102204: orn can i get 4
(38:32 / Allies) jhd102204: 400 gold?
(38:56 / Allies) jhd102204: and 200 wood
(39:04 / All) MisanthropiC: what A SAD LITTLE MAN YOU ARE
(39:21 / All) sephiroth3535: so sad
(39:30 / All) Shaq-Fu: level 10 here I come!
(40:11 / All) LEBRON2-LAKERS: oj
(40:14 / All) LEBRON2-LAKERS: u 100% hack
(40:15 / Allies) sephiroth3535: pump bats?
(40:34 / All) Shaq-Fu: silly ass
(41:30 / All) Zero3: hax
(41:31 / Allies) sephiroth3535: lul
(41:32 / Allies) jhd102204: fuckl
(41:38 / Allies) sephiroth3535: hax man
(42:42 / All) Shaq-Fu: DEAD
(42:50 / All) Shaq-Fu: NOW YOU
(43:07 / All) Shaq-Fu: I GOT BOOTS KID
(43:13 / Allies) sephiroth3535: keep those bats goin
(43:15 / Allies) sephiroth3535: u could win
(43:30 / All) Shaq-Fu: damn blue stole two of my hero kills
(43:36 / All) Zero3: haha
(43:46 / All) Zero3: my sword is mighty
(44:11 / Allies) Zero3: do you have any units pink?
(44:16 / Allies) sephiroth3535: nah =/
(44:20 / Allies) Zero3: haha damn
(44:38 / Allies) Zero3: teal still doesnt have full upgrades
(44:41 / Allies) sephiroth3535: listening to universal religion 6
(44:50 / Allies) sephiroth3535: ik oj could win
(44:53 / Allies) sephiroth3535: if he pumped units
(44:55 / Allies) Zero3: im listening to find your harmony
(45:04 / Allies) Zero3: hes just soaking up all the g first
(45:09 / Allies) sephiroth3535: lol yeah
(45:14 / Allies) Zero3: but if they swarm it wouldnt matter much
(45:34 / Allies) sephiroth3535: cant do much with those windy lol
(45:35 / Allies) Zero3: lol
(45:41 / Allies) Zero3: teal tking himself
(46:13 / Allies) sephiroth3535: get boots blue
(46:18 / Allies) jhd102204: if teal only knew, he can take out ornage base
(46:28 / Allies) Zero3: he would need mad demos
(46:35 / All) Shaq-Fu: My base is inpenatrable
(46:43 / Allies) Zero3: i want to make a run for boots and invul
(46:44 / All) LEBRON2-LAKERS: gonna pawn blue dk
(46:50 / All) Shaq-Fu: No man can penetrate the secrets of my base
(46:57 / Allies) Zero3: but as soon as i leave hell show up
(46:58 / Allies) sephiroth3535: back up
(47:26 / Allies) sephiroth3535: bat those windys
(47:35 / Allies) jhd102204: i wish dota was up
(47:58 / Allies) sephiroth3535: oj
(48:07 / Allies) sephiroth3535: run for the shop lmao
(48:11 / All) LEBRON2-LAKERS: whore
(48:19 / Allies) Zero3: oj is fucking afk
(48:21 / All) LEBRON2-LAKERS: nobody lives from my wrath
(48:26 / Allies) sephiroth3535: he is
(48:27 / Allies) sephiroth3535: fuck it
(48:39 / Allies) sephiroth3535: lets leave this si pointlesss wasting our precious lives
(48:43 / Allies) sephiroth3535: well be on our death bed
(48:45 / Allies) sephiroth3535: and like
(48:49 / Allies) sephiroth3535: remember oj
(48:52 / Allies) sephiroth3535: and that hour he stole
(48:54 / Allies) sephiroth3535: iw ant it back
(48:55 / Allies) Zero3: lol yea it was fun for a while
(48:55 / Allies) sephiroth3535: lol
(49:00 / Allies) sephiroth3535: ya lol
(49:07 / All) Zero3: oj lives from your wrath
(49:14 / All) sephiroth3535: he does
(49:19 / All) Shaq-Fu: Guys
(49:21 / All) sephiroth3535: hes jerkng off to ti
(49:22 / All) sephiroth3535: right
(49:23 / All) Shaq-Fu: Teal is my court jester
(49:25 / All) sephiroth3535: Now
(49:29 / All) Shaq-Fu: We are working in collusion
(49:36 / All) Shaq-Fu: No team will be able to win this game
(49:38 / All) Zero3: the worst part about this
(49:40 / All) LEBRON2-LAKERS: PERSON WHO LEAVES WC3/THEIR INTERNET ON LONGEST WINS LOL
(49:41 / All) Shaq-Fu: except by the other team leaving
(49:42 / All) sephiroth3535: Gimmie win i need icon plz
(49:45 / All) Zero3: is he thinks lebron is good
(49:56 / All) sephiroth3535: SHAQ
(49:57 / All) LEBRON2-LAKERS: naw i actually think he sucks and is highly overrated lawl
(49:57 / All) sephiroth3535: NOOO
(49:58 / All) Shaq-Fu: We will destroy all units and ability to make units
(50:06 / All) Shaq-Fu: and leave, you guys have equal opportunity to win
(50:16 / All) LEBRON2-LAKERS: john stockton and karl malone were 10x the player james is
(50:18 / Allies) sephiroth3535: all tehy neeed to make is cata
(50:35 / Allies) jhd102204: now orn killing himself
(50:38 / Allies) sephiroth3535: why ddint u just finish em off
(50:41 / Allies) Zero3: yea
(50:46 / Allies) sephiroth3535: oj?
(50:48 / Allies) Zero3: ive played with this losers before
(50:49 / Allies) Shaq-Fu: He is doing the same thing
(50:52 / Allies) Zero3: oj and teal are friends
(50:57 / Allies) Zero3: they just take all the mines
(50:58 / Allies) sephiroth3535: i can tell =p
(51:00 / Allies) Zero3: and sit there
(51:11 / Allies) sephiroth3535: shaq fu
(51:13 / Allies) sephiroth3535: is the worst
(51:15 / Allies) sephiroth3535: video game
(51:18 / Allies) sephiroth3535: ever made
(51:20 / Allies) Zero3: haha
(51:22 / All) LEBRON2-LAKERS: in case u guys still don't get it, me and orange are leaving the game within 5 min
(51:24 / Allies) Zero3: so old
(51:30 / All) Shaq-Fu: That's your opinion, a lousy one at that I might add
(51:34 / All) LEBRON2-LAKERS: you have a chance at victory
(51:37 / All) sephiroth3535: its like u could put fu at the end of anyhting
(51:40 / Allies) Zero3: i pretty much forgot about that
(51:41 / Allies) sephiroth3535: jim carrey FU
(51:45 / All) Shaq-Fu: Shaq Fu is one of the all time greatest video games because it features the all time greatest NBA center
(51:47 / All) sephiroth3535: robin williams FU
(52:02 / All) Shaq-Fu: Shaq is actually a high level martial artist, he knew what he was creating
(52:08 / All) sephiroth3535: emeril LAgasse FU
(52:14 / All) Shaq-Fu: It was simply too advanced and sophisticated for the hoi polloi to ever understand
(52:20 / All) LEBRON2-LAKERS: blue just for the record, larry bird > all nba players today
(52:22 / All) sephiroth3535: LOL oj
(52:24 / All) Shaq-Fu: Shaq Fu requires an IQ of 160 to be able to play effectively
(52:42 / All) sephiroth3535: Cuz of the brooken ass control mechanism to atk?
(52:55 / All) Shaq-Fu: They're not broken, they're simply next level for advanced gamers
(53:01 / All) sephiroth3535: lol
(53:41 / All) LEBRON2-LAKERS: standofff done my side
(54:06 / All) LEBRON2-LAKERS: final gold count? im 11.825k
(54:10 / All) Shaq-Fu: Well good luck gentleman, may the man with the most grit and determination
(54:12 / All) Shaq-Fu: and best internet
(54:13 / All) Shaq-Fu: win
(54:20 / All) Shaq-Fu: 25.958k
(54:25 / All) Shaq-Fu: BOOYAKASHA